 Dungeon Crawl Stone Soup version 0.21-a0-150-gc243083 (webtiles) character file.

5894 Duffy the Covered (level 10, 0/79 HPs)
             Began as a Mummy Artificer on July 28, 2017.
             Was an Initiate of Gozag.
             Killed by divine providence
             ... invoked by an orc priest
              (16 damage)
             ... on level 9 of the Dungeon.
             The game lasted 00:14:19 (10979 turns).

Duffy the Covered (Mummy Artificer)                Turns: 10979, Time: 00:14:20

Health: 0/79       AC: 18    Str: 20    XL:     10   Next: 53%
Magic:  14/14      EV:  6    Int: 10    God:    Gozag
Gold:   959        SH: 11    Dex: 12    Spells: 5/9 levels left

rFire    . . .     SeeInvis .   a - +4 whip (elec)
rCold    + . .     Gourm    .   n - +0 shield
rNeg     + + +     Faith    .   l - +2 chain mail {rF+}
rPois    ∞         Spirit   .   (no helmet)
rElec    .         Reflect  +   (no cloak)
rCorr    .         Harm     .   s - +0 pair of gloves
MR       +....                  (no boots)
Stlth    ..........             v - +2 amulet of reflection
HPRegen  0.23/turn              t - +4 ring of protection
MPRegen  0.14/turn              (no ring)

@: gold aura
A: no food or potions, fire vulnerability, cold resistance 1, negative energy
resistance 3, torment resistance, unbreathing
a: Potion Petition, Call Merchant, Bribe Branch, Renounce Religion


You were on level 9 of the Dungeon.
You worshipped Gozag.
Gozag was pleased with you.
You were not hungry.

You visited 1 branch of the dungeon, and saw 9 of its levels.

You collected 1030 gold pieces.
You paid 71 gold pieces to Gozag.

Inventory:

Hand Weapons
 a - a +4 whip of electrocution (weapon)
 u - a +4 war axe of freezing
 x - a +0 scimitar of flaming
Armour
 l - a +2 chain mail of fire resistance (worn)
 n - a +0 shield (worn)
 p - a +2 chain mail of magic resistance
 s - a +0 pair of gloves (worn)
Jewellery
 t - a +4 ring of protection (left hand)
 v - a +2 amulet of reflection (around neck)
Wands
 c - a wand of flame (0/48)
 d - a wand of enslavement (21/24)
 e - a wand of random effects (6/48)
 f - a wand of paralysis (8/24)
 q - a wand of acid (7/15)
 w - a wand of iceblast (8/15)
Scrolls
 b - 6 scrolls of remove curse
 g - a scroll of immolation
 h - 4 scrolls of magic mapping
 i - 3 scrolls of fog
 j - 5 scrolls of identify
 k - 3 scrolls of teleportation
 m - a scroll of fear
 o - a scroll of torment


   Skills:
 - Level 7.0 Fighting
   Level 0.7 Short Blades
 - Level 6.0 Maces & Flails
 + Level 7.6 Armour
 - Level 1.5 Dodging
 - Level 0.7 Stealth
 + Level 3.1 Shields
 + Level 6.4 Evocations


You had 5 spell levels left.
You knew the following spells:

 Your Spells              Type           Power        Failure   Level  Hunger
a - Blink                 Tloc           N/A          100%        2    N/A
b - Swiftness             Chrm/Air       #.......     100%        2    N/A

Dungeon Overview and Level Annotations

Branches:
Dungeon (9/15)             Temple (0/1) D:7             Orc (0/2) D:9
   Lair: D:8-11

Altars:
Gozag
Kikubaaqudgha
Makhleb
Nemelex Xobeh
Okawaru
Sif Muna
Trog
Uskayaw
Xom
Yredelemnul

Annotations:
D:4 drasked's ghost, novice DEFE
D:8 1 runed door


Innate Abilities, Weirdness & Mutations

You do not eat or drink.
Your flesh is vulnerable to fire.
You are immune to poison.
Your flesh is cold resistant. (rC+)
You are immune to negative energy. (rN+++)
You are immune to unholy pain and torment.
You can survive without breathing.


Message History

The orc warrior hits you with a trident.
Your chain mail prevents you from hitting the orc warrior.
The orc warrior is heavily wounded.
The orc priest looks satisfied for a moment.
You hit the orc warrior but do no damage.
The orc warrior is heavily wounded.
You block the orc warrior's attack.
The orc priest calls down the wrath of Beogh upon you.
Beogh smites you!
An orc priest comes into view. It is wielding a flail.
The orc priest shouts!
You hit the orc warrior.
The orc warrior is heavily wounded.
The orc warrior hits you but does no damage.
You closely miss the orc warrior.
The orc warrior is heavily wounded.
The orc priest invokes the aid of Beogh against you.
Beogh smites you!
You die...
Your body crumbles into a pile of gold.

.8. ###.......))# ..#
#.'.......... #o###
###......)..# #oo.
#.....[...# #.oo
#.........# #.oo##
#.........#
#$######.........#
...#####o..#.(.........#
.8.....@o8$$...........#
.o.#####..$#...........#
##.##...........#
#.#.############ #.#.
..#. ....


You could see an orc warrior and 2 orc priests.

Vanquished Creatures
  Erica (D:9)
  A two-headed ogre (D:9)
  Pikel (D:5)
  The ghost of Wingboner the Ducker, a novice DsTm (D:6)
  A hippogriff (D:8)
  Eustachio (D:6)
  Grum (D:8)
  A water moccasin (D:6)
  A slave (D:5)
  An orc warrior (D:7)
  A sky beast (D:2)
  A black bear (D:8)
  2 ice beasts
  5 ogres
  3 wolves
  2 centaurs
  A big kobold (D:8)
  The ghost of Yermak the Sneak, an amateur SpFi (D:3)
  4 bullfrogs
  A wyvern skeleton (D:8)
  4 scorpions
  3 wights (D:7)
  6 killer bees (D:6)
  A howler monkey (D:4)
  3 crimson imps
  A bullfrog skeleton (D:8)
  A centaur skeleton (D:7)
  2 hounds
  3 orc priests
  A jelly (D:8)
  4 orc wizards
  An iguana (D:4)
  Ijyb (D:5)
  5 worker ants
  2 hound zombies
  A hound skeleton (D:5)
  A worker ant zombie (D:5)
  7 gnolls
  A howler monkey skeleton (D:8)
  9 adders
  2 shadow imps (D:5)
  An ooze (D:1)
  An adder skeleton (D:6)
  2 worms
  A dart slug (D:5)
  4 leopard geckos
  22 orcs
  4 giant cockroaches
  5 goblins
  5 hobgoblins
  3 jackals (D:4)
  5 quokkas
  4 bats
  4 frilled lizards
  12 kobolds
  A leopard gecko zombie (D:5)
  A quokka skeleton (D:5)
  15 rats
180 creatures vanquished.

Vanquished Creatures (others)
  An ogre (D:5)
  A scorpion (D:5)
  A gnoll (D:3)
  An adder zombie (D:5)
4 creatures vanquished.

Grand Total: 184 creatures vanquished

Notes
Turn   | Place    | Note
-------+----------+-------------------------------------------
     0 | D:1      | Duffy the Mummy Artificer began the quest for the Orb.
     0 | D:1      | Reached XP level 1. HP: 15/15 MP: 2/2
   434 | D:1      | Reached XP level 2. HP: 10/21 MP: 4/4
  1282 | D:2      | Found a deep blue altar of Sif Muna.
  1282 | D:2      | Found a sparkling altar of Nemelex Xobeh.
  1298 | D:2      | Reached XP level 3. HP: 27/27 MP: 5/5
  1649 | D:3      | Noticed Yermak's ghost (amateur SpFi)
  1918 | D:3      | Reached XP level 4. HP: 30/34 MP: 6/6
  2666 | D:2      | Noticed a sky beast
  2669 | D:2      | Killed a sky beast
  2669 | D:2      | Reached XP level 5. HP: 11/43 MP: 7/7
  3207 | D:4      | Noticed drasked's ghost (novice DEFE)
  3214 | D:5      | Entered Level 5 of the Dungeon
  3447 | D:5      | Reached skill level 5 in Fighting
  3455 | D:5      | Reached XP level 6. HP: 51/51 MP: 8/8
  3465 | D:5      | Reached skill level 1 in Armour
  3891 | D:5      | Noticed an ice beast
  3892 | D:5      | Noticed a slave
  3924 | D:5      | Killed an ice beast
  3924 | D:5      | Reached XP level 7. HP: 50/56 MP: 9/9
  4057 | D:5      | Noticed Pikel
  4080 | D:5      | Killed Pikel
  4080 | D:5      | Reached skill level 5 in Armour
  4423 | D:5      | Noticed Ijyb
  4429 | D:5      | Killed Ijyb
  4472 | D:5      | Reached skill level 1 in Maces & Flails
  4472 | D:5      | Reached XP level 8. HP: 58/62 MP: 10/10
  5019 | D:4      | Found an opulent altar of Gozag.
  5027 | D:4      | Became a worshipper of Gozag Ym Sagoz the Greedy
  5785 | D:3      | Killed Yermak's ghost
  6749 | D:6      | Noticed Eustachio
  6899 | D:6      | Killed Eustachio
  6899 | D:6      | Reached skill level 5 in Maces & Flails
  7234 | D:6      | Noticed Wingboner's ghost (novice DsTm)
  7455 | D:6      | Killed Wingboner's ghost
  7455 | D:6      | Reached XP level 9. HP: 8/69 MP: 10/12
  8432 | D:7      | Found a staircase to the Ecumenical Temple.
  8485 | D:7      | Found a hide-covered altar of Uskayaw.
  8678 | D:7      | Learned a level 2 spell: Blink
  8692 | D:7      | Found a shimmering altar of Xom.
  8830 | D:8      | Learned a level 2 spell: Swiftness
  8830 | D:8      | Noticed a moth of wrath
  8833 | D:8      | Found a bloodstained altar of Trog.
  9201 | D:8      | Reached skill level 5 in Evocations
  9530 | D:8      | Found a burning altar of Makhleb.
  9531 | D:8      | Found a basalt altar of Yredelemnul.
  9532 | D:8      | Found an iron altar of Okawaru.
  9532 | D:8      | Found an ancient bone altar of Kikubaaqudgha.
  9561 | D:8      | Found a runed door.
  9561 | D:8      | Noticed a sixfirhy
  9745 | D:8      | Reached XP level 10. HP: 76/79 MP: 14/14
  9874 | D:9      | Noticed Erica
  9875 | D:9      | Noticed a two-headed ogre
  9884 | D:8      | Reached skill level 1 in Shields
 10199 | D:9      | Killed Erica
 10241 | D:9      | Noticed Grum
 10560 | D:8      | Killed Grum
 10711 | D:9      | Killed a two-headed ogre
 10953 | D:9      | Found a staircase to the Orcish Mines.
 10979 | D:9      | Killed from afar by an orc priest

Vault maps used:
D:1:      dpeg_arrival_fog
D:2:      chequers_temple_overflow_statue_of_worship, first_bread
D:4:      nicolae_gozag_cash_rules_everything_around_me
D:5:      minmay_diamond_boxcup, uniq_ijyb, uniq_pikel
D:6:      minmay_misc_feat_tower, uniq_eustachio
D:7:      eat_drink_and_be_merry_uskayaw, minmay_temple_entry_purple_smoke,
          basic_altar
D:8:      cheibrodos_shockbox, grunt_temple_overflow_open, tgw_trog
D:9:      lair_entry_dummy, hiddenorc2_lemuel, uniq_erica, uniq_grum

Skill      XL: |  1  2  3  4  5  6  7  8  9 10 |
---------------+-------------------------------+-----
Evocations     | 3 4 5 6 |  6.4
Fighting       | 2 4 5 7 |  7.0
Armour         | 3 5 6 7 |  7.6
Maces & Flails | 1 6 |  6.0
Shields        | 3 |  3.1
Short Blades   | |  0.7
Dodging        | |  1.5
Stealth        | |  0.7

Action                   |  1- 3 |  4- 6 |  7- 9 | 10-12 || total
-------------------------+-------+-------+-------+-------++-------
Melee: Spear             |    55 |    13 |       |       ||    68
       Short sword       |     4 |       |       |       ||     4
       Dagger            |    64 |   127 |    27 |       ||   218
       Whip              |       |       |   359 |   100 ||   459
Evoke: Wand              |       |    12 |     4 |    15 ||    31
  Use: Scroll            |     9 |       |     9 |     1 ||    19
 Stab: Sleeping          |     1 |       |       |       ||     1
       Distracted        |       |       |     1 |       ||     1
       Paralysed         |       |       |       |     1 ||     1
Armor: Leather armour    |     5 |       |       |       ||     5
       Scale mail        |    31 |    65 |    12 |       ||   108
       Chain mail        |       |       |   159 |    36 ||   195
Dodge: Dodged            |    49 |    35 |    67 |    20 ||   171
Block: Shield            |    17 |    43 |   138 |    52 ||   250
       Reflection        |       |       |     1 |     1 ||     2
